Map: Prion Terraces

Players

Rize - Winner!

  • Race: Protoss Protoss

YSMS

  • Race: Protoss Protoss
  • League: Master

VOD

Have the link to the VOD?

Description

Time

  • Played on: May 21, 2016, 9:38 p.m.
  • Length: 12:05
Show
View Real Time Build Order
Export as new Build Order

Rize Protoss - Winner!

Build Orders: Blink Stalkers, Dark Templar Rush 

Get SALT Encoding   

  12  0:01  Probe (Chrono Boost)  
  13  0:12  Probe (Chrono Boost)  
  14  0:17  Pylon  
  14  0:22  Probe (Chrono Boost)  
  15  0:36  Probe (Chrono Boost)  
  15  0:37  Gateway  
  16  0:44  Assimilator  
  16  0:47  Probe (Chrono Boost)  
  17  0:57  Probe (Chrono Boost)  
  18  1:07  Gateway  
  18  1:08  Probe (Chrono Boost)  
  19  1:13  Assimilator  
  20  1:18  Probe (Chrono Boost)  
  20  1:24  Cybernetics Core  
  20  1:29  Probe (Chrono Boost)  
  21  1:39  Probe (Chrono Boost)  
  22  1:40  Pylon  
  22  1:50  Probe (Chrono Boost)  
  27  2:01  Adept (Chrono Boost)  
  27  2:03  Adept (Chrono Boost)  
  27  2:11  Warp Gate (Chrono Boost)  
  27  2:19  Twilight Council  
  27  2:23  Pylon  
  27  2:36  Adept x2  
  31  2:55  Pylon  
  31  3:11  Dark Shrine  
  31  3:27  Nexus  
  31  3:34  Gateway  
  31  3:41  Mothership Core, Pylon  
  33  3:52  Blink (Chrono Boost)  
  33  4:07  Pylon  
  33  4:26  Dark Templar x2  
  37  4:38  Probe (Chrono Boost)  
  38  4:42  Robotics Facility  
  38  4:49  Probe (Chrono Boost)  
  37  4:56  Probe (Chrono Boost)  
  31  5:00  Probe (Chrono Boost)  
  31  5:02  Stalker x2  
  31  5:06  Stalker  
  31  5:07  Probe (Chrono Boost)  
  38  5:11  Probe (Chrono Boost)  
  39  5:17  Probe (Chrono Boost)  
  40  5:22  Probe (Chrono Boost)  
  40  5:27  Probe (Chrono Boost)  
  42  5:31  Warp Prism (Chrono Boost)  
  42  5:34  Probe  
  45  5:36  Probe  
  45  5:42  Stalker  
  48  5:43  Stalker  
  48  5:47  Stalker  
  48  5:49  Probe x2  
  54  6:00  Assimilator, Probe  
  54  6:01  Probe  
  54  6:02  Assimilator  
  54  6:03  Observer (Chrono Boost)  
  57  6:09  Pylon  
  57  6:10  Probe  
  57  6:14  Probe  
  59  6:20  Gateway  
  59  6:23  Gateway  
  59  6:30  Stalker x3  
  65  6:38  Immortal (Chrono Boost)  
  69  6:45  Probe  
  69  6:46  Probe  
  71  7:01  Stalker x3  
  77  7:04  Pylon  
  77  7:06  Pylon  
  79  7:23  Robotics Bay, Immortal (Chrono Boost)  
  79  7:26  Forge  
  77  7:31  Stalker x2  
  77  7:33  Stalker  
  83  8:00  Stalker x5  
  89  8:10  Disruptor (Chrono Boost)  
  92  8:22  Pylon  
  92  8:23  Nexus  
  92  8:26  Pylon  
  88  8:33  Dark Templar x2  
  92  8:38  Protoss Ground Weapons Level 1 (Chrono Boost)  
  92  8:44  Probe x2  
  94  8:58  Stalker x2  
  94  8:59  Stalker  
  100  9:03  Disruptor  
  103  9:11  Photon Cannon  
  103  9:13  Photon Cannon x2, Pylon  
  103  9:20  Robotics Facility  
  103  9:29  Stalker x2  
  107  9:33  Stalker  
  107  9:37  Probe x2  
  111  9:40  Disruptor (Chrono Boost)  
  114  9:46  Probe  
  114  9:49  Probe x2  
  115  10:02  Probe  
  115  10:03  Probe x2  
  115  10:05  Assimilator  
  115  10:06  Assimilator, Photon Cannon  
  118  10:08  Pylon  
  118  10:12  Disruptor (Chrono Boost)  
  121  10:27  Stalker x5  
  131  10:31  Archon  
  127  11:00  Stalker x5  
  118  11:10  Probe, Disruptor (Chrono Boost)  
  118  11:11  Probe x2  
  116  11:19  Gateway  
  116  11:20  Gateway  
  116  11:23  Gateway  
  116  11:24  Stalker x2  
  120  11:26  Stalker x2  
  120  11:29  Stalker  
  122  11:49  Stalker x2  
  122  11:52  Stalker x2  
  115  11:57  Stalker  
Show
View Real Time Build Order
Export as new Build Order

YSMS Protoss 

Build Orders:  

Get SALT Encoding   

  12  0:01  Probe (Chrono Boost)  
  13  0:11  Probe (Chrono Boost)  
  14  0:17  Pylon  
  14  0:22  Probe (Chrono Boost)  
  15  0:35  Probe (Chrono Boost)  
  16  0:37  Gateway  
  16  0:46  Probe (Chrono Boost)  
  16  0:47  Assimilator  
  17  0:56  Probe (Chrono Boost)  
  18  0:58  Assimilator  
  18  1:07  Probe (Chrono Boost)  
  19  1:17  Probe (Chrono Boost)  
  20  1:18  Gateway  
  20  1:24  Cybernetics Core  
  20  1:28  Probe (Chrono Boost)  
  21  1:38  Probe (Chrono Boost)  
  22  1:49  Probe (Chrono Boost)  
  23  1:56  Pylon  
  23  2:01  Warp Gate (Chrono Boost)  
  23  2:14  Stalker x2  
  28  2:16  Mothership Core  
  28  2:21  Pylon  
  29  2:37  Probe  
  30  2:44  Stalker x2  
  30  2:49  Probe  
  30  2:50  Pylon  
  34  3:07  Nexus  
  34  3:16  Stalker  
  36  3:23  Stalker  
  37  3:36  Robotics Facility  
  38  3:41  Probe  
  38  3:56  Probe (Chrono Boost)  
  39  4:07  Stalker x2, Probe (Chrono Boost)  
  44  4:16  Pylon  
  44  4:17  Probe (Chrono Boost)  
  44  4:24  Observer (Chrono Boost)  
  46  4:35  Sentry  
  46  4:38  Stalker  
  50  4:41  Pylon  
  50  4:42  Probe  
  42  4:54  Probe  
  42  5:01  Observer (Chrono Boost)  
  42  5:06  Probe x2 (Chrono Boost)  
  45  5:18  Probe x2 (Chrono Boost)  
  47  5:26  Forge  
  49  5:28  Probe x2 (Chrono Boost)  
  49  5:39  Probe x2 (Chrono Boost)  
  49  5:41  Gateway  
  51  5:43  Sentry  
  51  5:44  Sentry  
  51  5:49  Probe (Chrono Boost)  
  56  5:53  Immortal (Chrono Boost)  
  60  6:06  Stalker  
  62  6:12  Pylon  
  62  6:17  Probe  
  63  6:21  Probe  
  64  6:26  Assimilator  
  64  6:27  Assimilator  
  64  6:30  Protoss Ground Weapons Level 1 (Chrono Boost)  
  64  6:31  Immortal  
  64  6:35  Probe  
  68  6:49  Probe  
  68  6:52  Probe  
  69  7:00  Photon Cannon  
  69  7:02  Photon Cannon  
  69  7:03  Probe  
  69  7:04  Probe  
  69  7:08  Observer  
  68  7:16  Probe  
  68  7:20  Probe  
  68  7:24  Immortal  
  68  7:28  Probe  
  73  7:30  Pylon  
  73  7:35  Stalker x3  
  79  7:48  Mothership Core  
  79  8:11  Probe  
  79  8:12  Probe  
  81  8:15  Twilight Council  
  81  8:17  Nexus  
  79  8:27  Pylon  
  79  8:28  Pylon  
  78  8:38  Pylon  
  78  8:40  Pylon  
  78  8:45  Pylon  
  78  8:53  Probe  
  78  8:55  Robotics Facility  
  78  9:00  Probe, Protoss Ground Weapons Level 2 (Chrono Boost)  
  79  9:03  Pylon  
  79  9:06  Gateway  
  79  9:07  Stalker x2  
  79  9:08  Stalker  
  79  9:09  Gateway x3  
  85  9:10  Probe  
  85  9:12  Gateway  
  86  9:22  Blink (Chrono Boost)  
  86  9:25  Probe x2  
  86  9:28  Probe  
  89  9:37  Probe  
  89  9:38  Probe  
  91  9:39  Probe  
  92  9:49  Stalker x3  
  92  9:50  Probe  
  98  10:01  Immortal (Chrono Boost)  
  98  10:02  Probe x2  
  98  10:03  Probe  
  105  10:07  Photon Cannon, Pylon  
  105  10:19  Robotics Bay  
  105  10:20  Assimilator  
  108  10:22  Assimilator  
  108  10:24  Gateway  
  108  10:26  Gateway  
  105  10:28  Sentry x2  
  105  10:32  Stalker x2  
  105  10:34  Probe  
  114  10:37  Probe  
  114  10:39  Probe  
  116  10:47  Probe  
  96  11:05  Stalker x3  
  96  11:06  Stalker x3  
  93  11:20  Stalker x2  
  97  11:30  Immortal (Chrono Boost)  
  100  11:33  Stalker  
  100  11:37  Stalker  
  88  11:51  Stalker x2  
Tags
 
Add a new tag
Caveats
  • Supply blocks, unpowered buildings, or Contaminate may cause inaccurate times.
  • Supply counts are checked every 10 seconds.